 Dungeon Crawl Stone Soup version 0.23.0 (webtiles) character file.

Game seed: 17340258162787515494

182 swicky the Chopper (level 5, -3/48 HPs)
             Began as a Minotaur Berserker on Feb 13, 2019.
             Was a Follower of Trog.
             Slain by Pikel
             ... wielding a +1 whip of freezing
              (5 damage)
             ... on level 4 of the Dungeon.
             The game lasted 00:08:01 (2642 turns).

swicky the Chopper (Minotaur Berserker)             Turns: 2642, Time: 00:08:02

Health: -3/48      AC: 11    Str: 22    XL:     5   Next: 34%
Magic:  4/4        EV:  7    Int:  4    God:    Trog [*.....]
Gold:   182        SH:  0    Dex: 10    Spells: 4/4 levels left

rFire    . . .     SeeInvis .   z - +0 long sword (curse)
rCold    . . .     Gourm    .   (no shield)
rNeg     . . .     Faith    .   p - +0 plate armour
rPois    .         Spirit   .   (helmet restricted)
rElec    .         Reflect  .   (no cloak)
rCorr    .         Harm     .   (no gloves)
MR       .....                  (no boots)
Stlth    ..........             (no amulet)
HPRegen  0.16/turn              (no ring)
MPRegen  0.09/turn              (no ring)

@: berserk cooldown, slowed, very slow
A: retaliatory headbutt, horns 2
a: Berserk, Renounce Religion


You were on level 4 of the Dungeon.
You worshipped Trog.
Trog was aware of your devotion.
You were near starving.

You visited 1 branch of the dungeon, and saw 4 of its levels.

You collected 182 gold pieces.

Inventory:

Hand Weapons
 a - a +0 hand axe
 z - a cursed +0 long sword (weapon)
Armour
 b - a +0 animal skin
 n - a +0 ring mail
 p - a +0 plate armour (worn)
 C - a +3 leather armour
Magical Staves
 y - an uncursed staff of power {unknown}
Jewellery
 j - a cursed -3 ring of strength {unknown}
 s - an uncursed amulet of the acrobat {unknown}
Wands
 q - a wand of polymorph (9)
 B - a wand of iceblast (6)
Scrolls
 e - a scroll of remove curse
 f - 2 scrolls of magic mapping {unknown}
 h - 3 scrolls of identify {unknown}
 l - a scroll of fog {unknown}
 t - a scroll of enchant weapon {unknown}
 u - a scroll of enchant armour {unknown}
 w - 2 scrolls of teleportation {unknown}
 x - a scroll of fear {unknown}
Potions
 d - a potion of ambrosia {unknown}
 g - a potion of curing
 i - a potion of flight {unknown}
 k - a potion of invisibility {unknown}
 m - a potion of might {unknown}
 o - a potion of brilliance {unknown}
 r - a potion of degeneration {unknown}
 v - a potion of agility {unknown}
 A - 2 potions of mutation {unknown}
Comestibles
 c - 8 rations


   Skills:
 + Level 5.0 Fighting
 + Level 5.0 Axes
 + Level 4.1 Armour
 - Level 2.8 Dodging


You had 4 spell levels left.
You didn't know any spells.
Your spell library was empty.

Dungeon Overview and Level Annotations

Branches:
Dungeon (4/15)
 Temple: D:4-7

Altars:
Makhleb
Xom

Annotations:
D:4 Eustachio, Menkaure, Pikel, Sigmund


Innate Abilities, Weirdness & Mutations

You reflexively headbutt those who attack you in melee.
You have a pair of horns on your head.


Message History

The slave hits you but does no damage.
Sigmund mumbles some strange words.
Sigmund flickers and vanishes!
Deactivating autopickup; reactivate with Ctrl-A.
The slave closely misses you. The slave hits you.
* * * LOW HITPOINT WARNING * * *
The slave closely misses you. You furiously retaliate!
You headbutt the slave! The orc completely misses you.
Pikel hits you but does no damage.
Eustachio screams, "At last I'll have my revenge!"
You closely miss the slave.
You headbutt the slave, but do no damage.
The slave is heavily wounded.
The orc wizard hits you but does no damage.
The slave hits you but does no damage. Something hits you but does no damage.
The slave hits you but does no damage. The slave hits you.
* * * LOW HITPOINT WARNING * * *
The slave hits you but does no damage. The orc closely misses you.
You furiously retaliate!
You headbutt the orc, but do no damage.
Pikel hits you with a +1 whip of freezing.
You die...

...........#....
..........#.#..M.
............$....
.............#..
#..............
#......ro{....#
#..@ppKo.#
#..)p@pr#
###.o.o##
###......
###.#..# ## ##


You could see Eustachio, Pikel, 4 slaves, Menkaure, an orc wizard, a river rat,
3 orcs and a quokka.

Vanquished Creatures
  A bullfrog (D:3)
  2 orc wizards
  An adder (D:2)
  An adder skeleton (D:3)
  2 worms (D:2)
  A dart slug (D:2)
  A leopard gecko (D:2)
  5 orcs
  A ball python (D:2)
  5 giant cockroaches
  2 goblins (D:2)
  4 hobgoblins
  A quokka (D:2)
  2 bats
  4 frilled lizards
  A kobold (D:2)
  4 rats
38 creatures vanquished.

Notes
Turn   | Place    | Note
-------+----------+-------------------------------------------
     0 | D:1      | swicky the Minotaur Berserker began the quest for the Orb.
     0 | D:1      | Reached XP level 1. HP: 19/19 MP: 0/0
   790 | D:2      | Found a shimmering altar of Xom.
   821 | D:2      | Reached XP level 2. HP: 22/27 MP: 1/1
  1039 | D:2      | Reached XP level 3. HP: 23/33 MP: 2/2
  2080 | D:3      | Found a burning altar of Makhleb.
  2120 | D:3      | Noticed a bullfrog
  2127 | D:3      | Killed a bullfrog
  2127 | D:3      | Reached XP level 4. HP: 35/41 MP: 3/3
  2327 | D:3      | Reached ** piety under Trog
  2329 | D:3      | Reached XP level 5. HP: 35/47 MP: 4/4
  2624 | D:4      | Noticed Eustachio
  2628 | D:4      | Reached skill level 5 in Fighting
  2628 | D:4      | Reached skill level 5 in Axes
  2631 | D:4      | Noticed a slave
  2631 | D:4      | Noticed a slave
  2632 | D:4      | Noticed Pikel
  2633 | D:4      | Noticed a slave
  2633 | D:4      | Noticed Sigmund
  2635 | D:4      | Noticed a slave
  2641 | D:4      | Noticed Menkaure
  2642 | D:4      | HP: 2/48 [slave[Pikel] (4)]
  2642 | D:4      | Slain by Pikel

Skill      XL: |  1  2  3  4  5 |
---------------+----------------+-----
Axes           | 4 5 |  5.0
Fighting       | 4 5 |  5.0
Armour         | 3 4 |  4.1
Dodging        | |  2.8

Action                   |  1- 3 |  4- 6 || total
-------------------------+-------+-------++-------
Melee: Hand axe          |    73 |    20 ||    93
       Headbutt          |    10 |     7 ||    17
       Long sword        |       |    18 ||    18
Invok: Trog's Hand       |       |     2 ||     2
       Berserk           |       |     1 ||     1
  Use: Scroll            |     1 |       ||     1
       Potion            |       |     1 ||     1
  Eat: Chunk             |     4 |     1 ||     5
Armor: Plate armour      |    37 |    70 ||   107
       Animal skin       |     1 |       ||     1
Dodge: Dodged            |    24 |    39 ||    63
       Rpst.: Long sword |       |     9 ||     9
